 Dungeon Crawl Stone Soup version 0.27-a0-899-ge2d0b17c59 (webtiles) character file.

Game seed: 7462712417581122682

7248 robertstho the Fighter (level 10, -3/94 HPs)
             Began as a Minotaur Chaos Knight on Apr 5, 2021.
             Was a Plaything of Xom.
             Slain by Gastronok the golden dragon (24 damage)
             ... on level 9 of the Dungeon.
             The game lasted 00:10:59 (7333 turns).

robertstho the Fighter (Minotaur Chaos Knight)      Turns: 7333, Time: 00:11:00

Health: -3/94      AC: 17    Str: 26    XL:     10   Next: 88%
Magic:  9/9        EV: 10    Int:  9    God:    Xom [....*.]
Gold:   587        SH:  9    Dex: 10    Spells: 9/9 levels left

rFire    . . .     SeeInvis .   z - +6 war axe "Ifox Poa" {protect, rElec rPois Will+}
rCold    . . .     Faith    .   I - +0 kite shield
rNeg     . . .     Spirit   .   L - +0 plate armour
rPois    +         Reflect  .   (helmet restricted)
rElec    +         Harm     .   u - scarf {repulsion}
rCorr    .         Rampage  .   (no gloves)
Will     +....     Clarity  +   v - +1 pair of boots
Stlth    ..........             i - amulet of regeneration
HPRegen  1.25/turn              l - +4 ring of evasion
MPRegen  0.11/turn              y - +6 ring of strength

@: mighty, unable to read, repel missiles
A: horns 2, retaliatory headbutt, clarity, inability to read while threatened
a: Renounce Religion


You were on level 9 of the Dungeon.
You worshipped Xom.
You were a beloved toy of Xom.
You visited 1 branch of the dungeon, and saw 9 of its levels.
You also visited: Sewer.

You collected 816 gold pieces.
You spent 229 gold pieces at shops.

Inventory:

Hand Weapons
 a - a +0 falchion of chaos
 s - the +5 falchion "Peov" {vamp, *Rage rC+ Will+}
   (You found it on level 8 of the Dungeon)

   It inflicts no extra harm, but heals its wielder when it wounds a living foe.
   It protects you from cold.
   It may make you go berserk in combat.
   It increases your willpower.
 z - the +6 war axe "Ifox Poa" (weapon) {protect, rElec rPois Will+}
   (You bought it in a shop on level 3 of the Dungeon)

   It grants its wielder temporary protection when it strikes (+7 to AC).
   It insulates you from electricity.
   It protects you from poison.
   It increases your willpower.
Missiles
 w - 11 atropa-tipped darts (quivered)
 H - a curare-tipped dart
 P - a throwing net
Armour
 u - a scarf of repulsion (worn)
 v - a +1 pair of boots (worn)
 x - a +0 chain mail
 I - a +0 kite shield (worn)
 L - a +0 plate armour (worn)
Jewellery
 i - an amulet of regeneration (around neck)
 l - a +4 ring of evasion (left hand)
 q - an amulet of the acrobat
 y - a +6 ring of strength (right hand)
 B - a +4 ring of evasion
 K - a ring of willpower
 M - a ring of protection from fire
Wands
 j - a wand of digging (15)
 J - a wand of charming (10)
Scrolls
 b - 2 scrolls of noise {unknown}
 g - 8 scrolls of teleportation
 h - a scroll of immolation
 r - 4 scrolls of blinking {unknown}
 C - 4 scrolls of magic mapping {unknown}
 D - 3 scrolls of fog {unknown}
 E - 2 scrolls of enchant weapon {unknown}
 G - 2 scrolls of amnesia {unknown}
 N - a scroll of identify
 Q - 2 scrolls of vulnerability {unknown}
Potions
 c - 4 potions of mutation {unknown}
 d - 2 potions of cancellation
 f - 2 potions of ambrosia
 k - 4 potions of degeneration {unknown}
 m - 2 potions of attraction
 n - a potion of lignification
 o - 3 potions of magic
 p - 2 potions of brilliance
 t - 9 potions of curing
 A - a potion of might
 F - a potion of flight


   Skills:
 * Level 10.5 Fighting
 + Level 8.9 Long Blades
 + Level 10.1 Axes
 * Level 10.5 Armour
 + Level 3.6 Dodging
 + Level 3.3 Shields


You had 9 spell levels left.
You didn't know any spells.
Your spell library contained the following spells:

 Spells                   Type           Power      Damage    Failure   Level
 Beastly Appendage        Tmut           0%         N/A       100%        1
 Corona                   Hex            0%         N/A       100%        1
 Summon Small Mammal      Summ           0%         N/A       100%        1
 Call Imp                 Summ           0%         N/A       100%        2
 Slow                     Hex            0%         N/A       100%        2
 Wereblood                Tmut           0%         N/A       100%        2
 Call Canine Familiar     Summ           0%         N/A       100%        3
 Inner Flame              Hex/Fire       0%         N/A       100%        3
 Portal Projectile        Hex/Tloc       0%         N/A       100%        3
 Spider Form              Tmut/Pois      0%         N/A       100%        3
 Summon Guardian Golem    Hex/Summ       0%         N/A       100%        3
 Cause Fear               Hex            0%         N/A       100%        4
 Ice Form                 Ice/Tmut       0%         N/A       100%        4
 Leda's Liquefaction      Hex/Erth       0%         N/A       100%        4
 Summon Ice Beast         Ice/Summ       0%         N/A       100%        4
 Summon Lightning Spire   Summ/Air       0%         N/A       100%        4
 Hydra Form               Tmut           0%         N/A       100%        5


Dungeon Overview and Level Annotations

Branches:
Dungeon (9/15)             Temple (0/1) D:7            Lair (0/6) D:8
    Orc (0/2) D:9           Sewer (visited)

Altars:
Fedhas
Kikubaaqudgha
Okawaru
Qazlal
Uskayaw
Xom

Shops:
D:3 (

Annotations:
D:4 1 runed translucent door, 12572944's ghost, amateur MiFi
D:9 Gastronok


Innate Abilities, Weirdness & Mutations

You have a pair of horns on your head.
You reflexively headbutt those who attack you in melee.
You possess an exceptional clarity of mind.
You sometimes lose the ability to read scrolls when taking damage.


Message History

* * * LOW HITPOINT WARNING * * *
Gastronok barely misses you. Gastronok tramples you!
* * * LOW HITPOINT WARNING * * *
You hold your ground!
You feel much better.
Xom complains about the scenery.
Gastronok bites you! Gastronok claws you but does no damage.
Gastronok completely misses you.
You hit Gastronok.
Gastronok is heavily wounded.
Gastronok breathes fire at you. The bolt of fire hits you.
* * * LOW HITPOINT WARNING * * *
Unknown command.
Aiming: Paralyse
Press: ? - help, Shift-Dir - straight line, f/p - Gastronok
Aim: Gastronok the golden dragon (heavily wounded, catching its breath, chance to affect: 0%) Gastronok resists with almost no effort.
Gastronok barely misses you. You block Gastronok's attack.
Gastronok misses you.
Aiming: Paralyse
Press: ? - help, Shift-Dir - straight line, f/p - Gastronok
Aim: Gastronok the golden dragon (heavily wounded, catching its breath, chance to affect: 0%) Gastronok resists with almost no effort.
You block Gastronok's attack. x2; Gastronok closely misses you.
Unknown command.
Aiming: Paralyse
Press: ? - help, Shift-Dir - straight line, f/p - Gastronok
Aim: Gastronok the golden dragon (heavily wounded, chance to affect: 0%) Gastronok resists with almost no effort.
You block Gastronok's attack. Gastronok claws you!
* * * LOW HITPOINT WARNING * * *
Gastronok tramples you but does no damage.
Aiming: Paralyse
Press: ? - help, Shift-Dir - straight line, f/p - Gastronok
Aim: Gastronok the golden dragon (moderately wounded, chance to affect: 0%) Gastronok resists with almost no effort.
The now-empty wand crumbles to dust.
Gastronok bites you!!
You die...
Xom guffaws!

####### #.#.
#[# #.....#
#.#.##.#
#.....#
#......#
......#
#......#
#.....#
#.#.##.#
#....)#
#.#.##_#
#######
#.#.##.# #
#####.#.##D# #
#.....b...@# #
#.####..#### #
#.#.....# #
#.#.##.##
#######.#.##.#
.............#
##############


You could see Gastronok the golden dragon.

Vanquished Creatures
  2 two-headed ogres (D:9)
  A manticore (D:9)
  A yaktaur (shapeshifter) (D:9)
  Grinder (D:4)
  A shadow (D:9)
  A yak (D:5)
  A wraith (D:9)
  A wyvern (D:9)
  2 steam dragons (D:9)
  5 water moccasins
  An acid dragon (D:8)
  3 ice beasts
  2 ogres
  A black bear (D:6)
  5 orc warriors
  2 necrophages
  3 centaurs
  3 kobold brigands
  8 bullfrogs
  A gnoll sergeant (D:8)
  A wyvern zombie (D:8)
  5 scorpions
  A water moccasin skeleton (D:4)
  2 killer bees
  A wight (D:9)
  4 howler monkeys (D:7)
  2 centaur zombies (D:9)
  4 hounds
  A bullfrog skeleton (D:7)
  A gnoll shaman (D:8)
  4 orc priests
  3 iguanas
  10 orc wizards
  4 gnolls (D:8)
  A howler monkey skeleton (D:7)
  12 adders
  2 river rats (Sewer)
  2 shadow imps
  A white imp (D:7)
  4 worms
  4 dart slugs
  27 orcs
  20 ball pythons
  11 endoplasms
  7 giant cockroaches
  15 goblins
  7 hobgoblins
  2 jackals (D:1)
  13 kobolds
  7 quokkas
  5 bats
  7 frilled lizards
  31 rats
  A bush (D:4)
267 creatures vanquished.

Vanquished Creatures (others)
  An orc wizard (D:9)
  11 fungi (D:8)
  22 plants
34 creatures vanquished.

Grand Total: 301 creatures vanquished

Notes
Turn   | Place    | Note
-------+----------+-------------------------------------------
     0 | D:1      | robertstho the Minotaur Chaos Knight began the quest for
                  | the Orb.
     0 | D:1      | Reached XP level 1. HP: 19/19 MP: 0/0
   100 | D:1      | Reached XP level 2. HP: 27/27 MP: 1/1
   483 | D:1      | XOM: divination: detect creatures
   590 | D:1      | Reached XP level 3. HP: 34/34 MP: 2/2
  1136 | D:2      | Found a faded altar of an unknown god.
  1136 | D:2      | Noticed a scorpion
  1137 | D:2      | XOM: noise
  1140 | D:2      | Killed a scorpion
  1141 | D:2      | Reached skill level 5 in Fighting
  1141 | D:2      | Reached XP level 4. HP: 38/42 MP: 3/3
  1157 | D:2      | XOM: 2-stop teleportation journey
  1197 | D:2      | Reached skill level 5 in Long Blades
  1244 | D:2      | XOM: 3-stop teleportation journey
  1336 | D:2      | Found a hide-covered altar of Uskayaw.
  1355 | D:2      | Reached XP level 5. HP: 47/48 MP: 4/4
  1670 | D:3      | Found a blossoming altar of Fedhas.
  1673 | D:3      | Found an ancient bone altar of Kikubaaqudgha.
  1703 | D:3      | XOM: divination: detect creatures
  2032 | D:3      | Found Ythrem's Antique Weapon Emporium.
  2669 | D:4      | Noticed an ogre
  2673 | D:4      | XOM: cast spell 'Statue Form'
  2676 | D:4      | Killed an ogre
  2677 | D:4      | Reached XP level 6. HP: 57/57 MP: 5/5
  2704 | D:4      | Found a runed translucent door.
  2704 | D:4      | Noticed 12572944's ghost (amateur MiFi)
  2715 | D:4      | XOM: silly message
  2960 | D:4      | XOM: divination: magic mapping
  2964 | D:4      | Reached XP level 7. HP: 46/64 MP: 6/6
  3113 | D:4      | Noticed Grinder
  3116 | D:4      | XOM: cast spell 'Summon Small Mammal'
  3122 | D:4      | XOM: noise
  3125 | D:4      | Killed Grinder
  3467 | D:5      | Entered Level 5 of the Dungeon
  3491 | D:5      | Reached skill level 5 in Armour
  3650 | D:5      | Reached XP level 8. HP: 73/73 MP: 7/7
  3691 | D:5      | XOM: noise
  4036 | D:5      | Noticed a troll
  4043 | D:5      | a troll changed into a yak
  4043 | D:5      | XOM: polymorph troll -> yak
  4203 | D:3      | Bought a jewelled war axe for 229 gold pieces
  4203 | D:3      | Identified the +6 war axe "Ifox Poa" {protect, rElec rPois
                  | Will+} (You bought it in a shop on level 3 of the Dungeon)
  4269 | D:6      | Found a glowing drain.
  4284 | Sewer    | Entered a sewer
  4361 | Sewer    | Reached skill level 1 in Axes
  4729 | D:6      | Reached XP level 9. HP: 82/82 MP: 8/8
  4829 | D:6      | Found a stormy altar of Qazlal.
  5151 | D:7      | Reached skill level 5 in Axes
  5265 | D:7      | XOM: divination: detect items
  5359 | D:7      | Found a staircase to the Ecumenical Temple.
  5639 | D:7      | Found an iron altar of Okawaru.
  5642 | D:7      | Found a hide-covered altar of Uskayaw.
  5910 | D:8      | XOM is BORED!
  5910 | D:8      | XOM: 3-stop teleportation journey
  5943 | D:8      | Found a shimmering altar of Xom.
  6055 | D:8      | Found a staircase to the Lair.
  6101 | D:8      | Reached skill level 1 in Shields
  6361 | D:8      | XOM: swap monsters
  6369 | D:8      | Reached XP level 10. HP: 91/93 MP: 9/9
  6728 | D:8      | Identified the +5 falchion "Peov" {vamp, *Rage rC+ Will+}
  6818 | D:9      | Found a staircase to the Orcish Mines.
  6841 | D:9      | Noticed a manticore
  6843 | D:9      | Noticed a two-headed ogre
  6856 | D:9      | Noticed a two-headed ogre
  6863 | D:9      | Killed a two-headed ogre
  6864 | D:9      | Reached skill level 10 in Fighting
  6865 | D:9      | Killed a manticore
  6867 | D:9      | Killed a two-headed ogre
  6868 | D:9      | Reached skill level 10 in Armour
  6876 | D:9      | Reached skill level 10 in Axes
  6920 | D:9      | XOM: give mutations
  6920 | D:9      | Gained mutation: You evolve. [Xom's mischief]
  6920 | D:9      | Lost mutation: You evolve. [Xom's mischief]
  6920 | D:9      | Gained mutation: You possess an exceptional clarity of
                  | mind. [Xom's mischief]
  6920 | D:9      | Gained mutation: You sometimes lose the ability to read
                  | scrolls when taking damage. [Xom's mischief]
  7221 | D:9      | XOM is BORED!
  7221 | D:9      | XOM: noise
  7310 | D:9      | Noticed Gastronok
  7310 | D:9      | Noticed Gastronok
  7310 | D:9      | Gastronok changed into Gastronok the golden dragon
  7310 | D:9      | XOM: polymorph Gastronok -> Gastronok the golden dragon
  7316 | D:9      | XOM: divination: detect creatures
  7325 | D:9      | XOM: scenery: create altars
  7328 | D:9      | XOM: scenery: summon butterflies
  7333 | D:9      | Slain by Gastronok the golden dragon

Illustrated notes

Levels and vault maps discovered:
D:1:      dpeg_arrival_arbitrary_c, layout_loops_ring, supply_closet_lemuel,
          st_stairs_7
D:2:      kennysheep_the_goblin_king, layout_loops_ring, basic_ecumenical_altar,
          basic_altar, grunt_decor_cap, serial_bayou_pond_c,
          serial_bayou_ford_a, minmay_misc_feat_pillars, minmay_tromino_v7
D:3:      layout_loops_corners, grunt_temple_overflow_growth_and_decay,
          serial_forest, infiniplex_forest_clump_tiny,
          infiniplex_forest_straight_4, infiniplex_forest_straight_4,
          infiniplex_forest_lined_1, infiniplex_forest_diagonal,
          infiniplex_forest_clump_diagonal, infiniplex_forest_clump_long,
          infiniplex_forest_clump_curved, infiniplex_forest_zigzag_2,
          serial_shops, shop
D:4:      layout_basic, gammafunk_ghost_grave, serial_forest,
          infiniplex_forest_clump_curved, infiniplex_forest_pool,
          infiniplex_forest_straight_1, infiniplex_forest_lined_corner,
          infiniplex_forest_clump_small, infiniplex_forest_lined_3,
          infiniplex_forest_clump_tiny, infiniplex_forest_clump_diagonal,
          infiniplex_forest_join, amcnicky_mini_rare_corridor_liquid,
          uniq_grinder
D:5:      layout_loops_ring, minivault_1, st_stairs_9, minmay_misc_feat_encased
D:6:      layout_basic, nicolae_overflow_crystal_walls, portal_sewer_entry_f
D:7:      layout_basic, gammafunk_temple_overflow_statue,
          minmay_temple_entry_glassed_door
D:8:      layout_basic, marbit_many_paths, grunt_lair_entry_orc_guard_hut,
          st_stairs_10
D:9:      minmay_bloctagon, layout_loops_cross, orc_0_dummy, uniq_gastronok

Skill      XL: |  1  2  3  4  5  6  7  8  9 10 |
---------------+-------------------------------+-----
Fighting       | 4 5 6 7 8 9 10 | 10.5
Long Blades    | 4 5 6 8 |  8.9
Armour         | 3 4 5 7 8 10 | 10.5
Dodging        | 2 3 |  3.6
Axes           | 3 8 10 | 10.1
Shields        | 1 3 |  3.3

Action                   |  1- 3 |  4- 6 |  7- 9 | 10-12 || total
-------------------------+-------+-------+-------+-------++-------
Melee: Falchion          |    79 |   115 |    82 |       ||   276
       Headbutt          |    12 |    16 |    45 |    18 ||    91
       War axe           |       |       |   219 |    66 ||   285
Evoke: Wand              |       |       |       |     8 ||     8
  Use: Scroll            |     2 |     5 |       |     4 ||    11
       Potion            |       |       |     1 |     6 ||     7
 Stab: Paralysed         |       |     1 |     1 |       ||     2
Armor: Leather armour    |    25 |    15 |       |       ||    40
       Scale mail        |       |    16 |       |       ||    16
       Chain mail        |       |       |   130 |       ||   130
       Plate armour      |       |       |     8 |    62 ||    70
Dodge: Dodged            |    54 |    62 |   203 |    46 ||   365
       Repelled          |       |       |     2 |     3 ||     5
Block: Kite shield       |       |       |    25 |    50 ||    75
       Rpst.: Falchion   |    16 |    17 |    13 |       ||    46

Table legend: (Time is in decaauts)
 A = Elapsed time spent in this place.
 B = Non-inter-level travel time spent in this place.
 C = Inter-level travel time spent in this place.
 D = Time resting spent in this place.
 E = Time spent auto-exploring this place.
 F = Levels seen in this place.
 G = Mean time per level.
                   A        B        C        D        E       F      G
               +--------+--------+--------+--------+--------+-----+--------+
         Total |   7497 |   7084 |    413 |      9 |   5717 |  10 |  749.7 |
       Dungeon |   7194 |   6781 |    413 |      9 |   5565 |   9 |  799.3 |
         Sewer |    303 |    303 |      0 |      0 |    152 |   1 |  303.0 |
               +--------+--------+--------+--------+--------+-----+--------+

Top non-repeatable levels by time:
     D:8: 1111 daAuts
     D:3: 1025 daAuts
     D:1: 997 daAuts
     D:4: 864 daAuts
     D:5: 733 daAuts
     D:2: 669 daAuts
     D:7: 638 daAuts
     D:9: 585 daAuts
     D:6: 569 daAuts
   Sewer: 303 daAuts
